 Dungeon Crawl Stone Soup version 0.23.2-1-ga50397a6bc (webtiles) character file.

Game seed: 5709022162267068116

233186 GreaterElenko the Severer (level 18, -20/151 HPs)
             Began as a Mummy Gladiator on Apr 15, 2019.
             Was a High Priest of Okawaru.
             Hit by a large rock thrown by a stone giant (38 damage)
             ... on level 2 of the Vaults.
             The game lasted 01:21:50 (36910 turns).

GreaterElenko the Severer (Mummy Gladiator)        Turns: 36910, Time: 01:21:51

Health: -20/151    AC: 25    Str: 22    XL:     18   Next: 84%
Magic:  0/25       EV: 10    Int: 12    God:    Okawaru [*****.]
Gold:   820        SH: 16    Dex: 10    Spells: 17/17 levels left

rFire    + . .     SeeInvis .   a - +9 war axe of the Viper {speed, MR+ Int+2 Dex-4}
rCold    + + .     Gourm    .   B - +2 shield {rF+}
rNeg     + + +     Faith    .   q - +1 plate armour {MR+}
rPois    ∞         Spirit   +   L - +1 hat {MR+}
rElec    .         Reflect  .   A - scarf {Spirit}
rCorr    +         Harm     .   M - +1 pair of gloves of Ikorhakk {rC+ Regen+ rCorr}
MR       +++++                  H - +2 pair of boots {run}
Stlth    ..........             e - amulet of regeneration
HPRegen  1.15/turn              D - +1 ring of protection (curse)
MPRegen  0.19/turn              i - ring of protection from fire

@: about to teleport, heroism, very slightly contaminated, quick
A: no food or potions, fire vulnerability, cold resistance 1, negative energy
resistance 3, torment resistance, unbreathing, in touch with death 1
}: 1/15 runes: decaying
a: Heroism, Finesse, Renounce Religion


You were on level 2 of the Vaults.
You worshipped Okawaru.
Okawaru was extremely pleased with you.
You were not hungry.

You visited 7 branches of the dungeon, and saw 33 of its levels.
You visited 1 bazaar.
You also visited: Gauntlet and Ice Cave.

You collected 3076 gold pieces.
You spent 2256 gold pieces at shops.

Inventory:

Hand Weapons
 a - the +9 war axe of the Viper (weapon) {speed, MR+ Int+2 Dex-4}
   (You bought it in a shop on level 6 of the Dungeon)

   Attacks with this weapon are significantly faster.
   It affects your intelligence (+2).
   It affects your dexterity (-4).
   It affects your resistance to hostile enchantments.
 b - the +7 flail of Gathrow {drain, Dex+4}
   (You found it on level 7 of the Dungeon)

   A truly terrible weapon, it drains the life of those it strikes.
   It affects your dexterity (+4).
 z - a +6 broad axe of electrocution
   (Okawaru gifted it to you on level 4 of the Lair of Beasts)
 G - a +1 broad axe of pain
   (Okawaru gifted it to you on level 3 of the Snake Pit)
Missiles
 g - 5 throwing nets (quivered) {!f}
Armour
 q - a +1 plate armour of magic resistance (worn)
   (You took it off a minotaur in a Gauntlet)
 A - a scarf of spirit shield (worn)
   (You found it on level 7 of the Dungeon)
 B - a +2 shield of fire resistance (worn)
   (You took it off a vault guard on level 13 of the Dungeon)
 H - a +2 pair of boots of running (worn)
   (Okawaru gifted it to you on level 1 of the Vaults)
 I - a +1 pair of boots of stealth
   (You found it on level 1 of the Lair of Beasts)
 L - a +1 hat of magic resistance (worn)
   (Okawaru gifted it to you on level 2 of the Lair of Beasts)
 M - the +1 pair of gloves of Ikorhakk (worn) {rC+ Regen+ rCorr}
   (Okawaru gifted it to you on level 4 of the Swamp)

   It protects you from cold.
   It increases your rate of regeneration.
   It provides partial protection from all sources of acid and corrosion.
 Q - a scarf of resistance
   (You found it on level 4 of the Lair of Beasts)
Jewellery
 e - an amulet of regeneration (around neck)
   (You found it on level 7 of the Dungeon)
 i - a ring of protection from fire (right hand)
   (You bought it in a shop on level 6 of the Dungeon)
 r - an uncursed ring of resist corrosion
   (You found it on level 3 of the Dungeon)
 C - an uncursed ring of magical power
   (You found it on level 9 of the Dungeon)
 D - a cursed +1 ring of protection (left hand)
   (You found it on level 4 of the Dungeon)
Wands
 c - a wand of disintegration (8)
   (You found it on level 1 of the Lair of Beasts)
 d - a wand of iceblast (21)
   (You found it on level 5 of the Lair of Beasts)
 t - a wand of flame (64)
   (You found it on level 1 of the Lair of Beasts)
 u - a wand of paralysis (29)
   (You found it on level 3 of the Lair of Beasts)
 v - a wand of digging (6)
   (You found it on level 1 of the Snake Pit)
 w - a wand of polymorph (28)
   (You found it on level 4 of the Dungeon)
 x - a wand of acid (32)
   (You took it off Ijyb on level 8 of the Dungeon)
 J - a wand of scattershot (8)
   (You found it on level 3 of the Swamp)
Scrolls
 f - 5 scrolls of identify {@r1}
 h - a scroll of blinking
 j - a scroll of vulnerability {!r}
 k - 20 scrolls of teleportation {@r4}
 m - 4 scrolls of magic mapping
 n - a scroll of holy word {unknown}
 o - 18 scrolls of remove curse {@r2}
 s - 8 scrolls of fog
 y - a scroll of torment
 E - 11 scrolls of amnesia
 F - 5 scrolls of silence
 K - 6 scrolls of immolation {!r}
 N - 2 scrolls of fear
 O - 2 scrolls of summoning
 P - a scroll of enchant weapon
Miscellaneous
 l - a phial of floods
   (You bought it in a shop on level 2 of the Orcish Mines)
 p - a lamp of fire
   (You bought it in a shop on level 2 of the Orcish Mines)


   Skills:
 + Level 15.9(20.9) Fighting
 - Level 18.0(23.0) Axes
 - Level 1.5(6.5) Throwing
 - Level 8.0(13.0) Armour
 - Level 2.4(7.4) Dodging
 * Level 11.8(16.8) Shields
 - Level 10.0 Invocations
 - Level 8.0 Evocations


You had 17 spell levels left.
You didn't know any spells.
Your spell library contained the following spells:

 Spells                   Type           Power        Failure   Level  Hunger
 Animate Skeleton         Necr           N/A          98%         1    N/A
 Apportation              Tloc           #.....       98%         1    N/A
 Confusing Touch          Hex            #.....       98%         1    N/A
 Freeze                   Ice            #...         98%         1    N/A
 Pain                     Necr           #...         98%         1    N/A
 Summon Small Mammal      Summ           #...         98%         1    N/A
 Sticks to Snakes         Tmut           #.......     99%         2    N/A
 Throw Frost              Conj/Ice       #.....       99%         2    N/A
 Ozocubu's Armour         Chrm/Ice       #.......     100%        3    N/A
 Vampiric Draining        Necr           #.........   100%        3    N/A
 Animate Dead             Necr           N/A          100%        4    N/A
 Summon Ice Beast         Ice/Summ       #.......     100%        4    N/A
 Throw Icicle             Conj/Ice       #.......     100%        4    N/A
 Summon Forest            Summ/Tloc      #.........   100%        5    N/A
 Summon Mana Viper        Hex/Summ       #.......     100%        5    N/A
 Beastly Appendage        Tmut           Unusable     N/A         1    N/A
 Regeneration             Chrm/Necr      Unusable     N/A         3    N/A
 Spider Form              Tmut/Pois      Unusable     N/A         3    N/A
 Ice Form                 Ice/Tmut       Unusable     N/A         4    N/A
 Blade Hands              Tmut           Unusable     N/A         5    N/A

Dungeon Overview and Level Annotations

Branches:
Dungeon (14/15)            Temple (1/1) D:5            Lair (6/6) D:8
  Swamp (4/4) Lair:2        Snake (4/4) Lair:2        Slime (0/5) Lair:5
    Orc (2/2) D:10            Elf (0/3) Orc:2        Vaults (2/5) D:13
  Crypt: Vaults:2-3

Altars:
Ashenzari
Makhleb
Okawaru
Qazlal
Ru
Trog
Uskayaw
Vehumet
Wu Jian
Xom
Yredelemnul
Zin
Beogh
Jiyva

Shops:
D:6 =(((*   D:7 %   D:12 *   Orc:1 =   Orc:2 !}=}

Annotations:
D:9 5 transporters
Lair:1 exclusion: 2 oklob plants
Swamp:3 1 runed translucent door, contendunt's ghost, adept MiFi
Swamp:4 2 transporters, SnubMonkey's ghost, adept HOFi
Snake:4 2 exclusions


Innate Abilities, Weirdness & Mutations

You do not eat or drink.
Your flesh is vulnerable to fire.
You are immune to poison.
Your flesh is cold resistant. (rC+)
You are immune to negative energy. (rN+++)
You are immune to unholy pain and torment.
You can survive without breathing.
You are in touch with the powers of death.


Message History

You miss the deep elf knight.
The deep elf knight hits you with a +0 short sword.
The stone giant barely misses you.
You hit the stone giant but do no damage.
You closely miss the centaur warrior. You slash the deep elf knight!
Your plate armour prevents you from hitting the stone giant.
You hit the centaur warrior. You miss the deep elf knight.
The deep elf knight barely misses you. The stone giant hits you!
* * * LOW HITPOINT WARNING * * *
Unknown command.
You hit the stone giant but do no damage.
You slash the centaur warrior! You miss the deep elf knight.
The centaur warrior barely misses you.
Unknown command.
You slash the stone giant! You hit the deep elf knight.
You slash the centaur warrior!
The centaur warrior hits you but does no damage.
The deep elf knight gestures at you while chanting.
The stone arrow hits you!!
* * * LOW HITPOINT WARNING * * *
The stone giant hits you!!
* * * LOW HITPOINT WARNING * * *
Unknown command.
Unknown command.
Unknown command.
You gain the combat prowess of a mighty hero.
The centaur warrior unwields a +0 shortbow.
You block the centaur warrior's attack.
The soldier ant waves its antennae.
You block the centaur warrior's attack.
The deep elf knight hits you with a +0 short sword!
* * * LOW HITPOINT WARNING * * *
The stone giant hits you!
* * * LOW HITPOINT WARNING * * *
Blink to where?
You are very lightly contaminated with residual magic.
As you read the scroll of blinking, it crumbles to dust.
As you read the scroll of teleportation {@r4}, it crumbles to dust.
You feel strangely unstable. You block the centaur's attack.
Unknown command.
The centaur wields a +0 shortbow.
The centaur shoots an arrow.
The arrow closely misses you.
The arrow dissolves into shadows!
The centaur wields a +0 shortbow.
The centaur shoots an arrow.
You block the arrow.
The arrow dissolves into shadows!
Unknown command.
The centaur shoots an arrow.
You block the arrow.
The arrow dissolves into shadows!
The centaur shoots an arrow.
The arrow barely misses you.
The arrow dissolves into shadows!
The stone giant throws a large rock.
The large rock hits you!!!
You die...

#..# #..# ####
#'## ###
#######.#######
#..
#....#...#....#
#..
#...#.....#...#
#..
#..####+####..#
#..
#.###..cC.###.#
#..
##.#.#.c.#.#.##
#..
##..#..#.#@.#..##
#..
#.(.'acc#...+.>.#
#..
##.)#)e#c#..#..##
#..
##.#.#).G#.#.##
#..
#.###.....###.#
####'#
#..####+####..#
#.....
#...#.....#...#
#.....
#....#...#....#
#.....
#######.#######
#.....


You could see a stone giant, a glowing orange brain, a centaur warrior and 2
centaurs.

Vanquished Creatures
  Saint Roka (Snake:2)
  A bone dragon (Swamp:4)
  Rupert (Lair:4)
  Frances (D:13)
  Donald (Swamp:4)
  8 nagarajas
  A vault warden (Vaults:1)
  Louise (Snake:2)
  An ironheart preserver (Vaults:2)
  Snorg (D:13)
  A minotaur (Gauntlet)
  2 ettins
  26 slime creatures
  Fannar (Lair:2)
  2 vault guards (D:13)
  2 shambling mangroves
  An ice dragon (Vaults:1)
  A yaktaur captain (Vaults:1)
  11 naga warriors
  3 ghost crabs
  12 hydras
  2 catoblepae
  19 two-headed ogres
  9 anacondas
  Erica (Orc:1)
  A death knight (Vaults:1)
  7 centaur warriors
  A death scarab (Gauntlet)
  9 death yaks
  9 alligators
  4 ogre magi (Orc:2)
  2 orc high priests (Orc:2)
  Urug (Orc:1)
  7 naga sharpshooters
  6 shock serpents
  3 deep elf knights
  A sixfirhy (Gauntlet)
  A salamander mystic (Snake:2)
  A fire crab (Gauntlet)
  3 unseen horrors
  2 spriggan druids
  12 naga ritualists
  2 deep elf archers (Vaults:1)
  2 swamp dragons (Swamp:2)
  2 wizards
  2 necromancers
  2 ironbrand convokers
  3 phantasmal warriors (Swamp:4)
  A wolf spider (Vaults:2)
  3 orc sorcerers
  2 orc knights
  11 mana vipers
  5 cyclopes
  3 deep elf magi
  10 ugly things
  22 elephants
  9 salamanders
  2 manticores
  3 centaur zombies
  36 black mambas
  A vault sentinel (Vaults:1)
  2 guardian serpents
  16 naga magi
  3 ice statues (IceCv)
  2 rime drakes
  35 spiny frogs
  4 swamp worm zombies (Swamp:4)
  2 freezing wraiths
  3 komodo dragons
  10 yaktaurs (Vaults:1)
  3 ice devils (IceCv)
  A queen bee (D:10)
  2 tengu conjurers (D:13)
  2 hydra zombies (Swamp:4)
  9 trolls
  18 hornets
  A polar bear (shapeshifter) (D:13)
  7 bog bodies
  11 tyrant leeches
  A hornet (shapeshifter) (Vaults:1)
  An alligator zombie (Swamp:4)
  10 hippogriffs
  5 spectral swamp dragons (Swamp:4)
  11 dream sheep (Lair:6)
  15 blink frogs
  Sigmund (D:2)
  A shadow (D:11)
  4 wraiths
  11 spriggans
  2 vampires
  46 yaks
  5 wyverns
  4 basilisks
  4 fire bats
  A spectral komodo dragon (Gauntlet)
  Eustachio (D:6)
  A yaktaur simulacrum (Vaults:1)
  4 hungry ghosts
  25 humans
  20 vampire mosquitoes
  34 nagas
  21 swamp worms
  6 wargs
  12 insubstantial wisps
  2 acid dragons
  13 water moccasins
  2 hell hounds (Gauntlet)
  4 swamp drakes
  6 porcupines
  A black bear (D:7)
  5 swamp dragon zombies (Swamp:4)
  31 orc warriors
  10 phantoms
  4 sky beasts
  3 ice beasts
  A necrophage (D:10)
  37 ogres
  16 boggarts (Vaults:1)
  A tengu (shapeshifter) (Vaults:1)
  9 wolves
  12 centaurs
  11 crocodiles
  An elf zombie (D:10)
  3 big kobolds
  30 bullfrogs
  A glowing shapeshifter simulacrum (Vaults:1)
  2 gnoll sergeants (D:10)
  3 scorpions
  A wyvern skeleton (D:8)
  A troll skeleton (D:10)
  52 killer bees
  4 wights
  An electric eel (Lair:2)
  3 howler monkeys
  11 crimson imps
  3 bullfrog zombies
  A quasit (D:10)
  2 bullfrog skeletons
  A draconian simulacrum (IceCv)
  11 hounds
  4 jellies
  A gnoll shaman (D:10)
  3 human zombies (D:10)
  19 orc priests
  30 orc wizards
  4 centaur skeletons
  A human skeleton (D:10)
  Jessica (D:8)
  Ijyb (D:8)
  8 iguanas
  Terence (D:1)
  2 spriggan simulacra (IceCv)
  4 troll simulacra (IceCv)
  7 worker ants
  A hound zombie (D:9)
  2 mummies (D:10)
  A worker ant zombie (D:9)
  Robin (D:3)
  21 gnolls
  A howler monkey skeleton (D:10)
  2 naga simulacra (IceCv)
  3 swamp drake zombies (Swamp:4)
  12 adders
  An ogre simulacrum (IceCv)
  3 shadow imps
  3 ufetubi (Gauntlet)
  2 oozes
  A dart slug (D:5)
  8 leopard geckos
  86 orcs
  16 bats
  5 giant cockroaches
  12 goblins
  13 hobgoblins
  12 jackals
  2 quokkas
  2 ball pythons
  3 frilled lizards
  A jackal skeleton (D:7)
  18 kobolds
  An orc zombie (D:10)
  A quokka skeleton (D:9)
  8 rats
  A spectral orc (D:9)
  5 plants
1311 creatures vanquished.

Vanquished Creatures (collateral kills)
  An elephant (Lair:6)
  A vampire mosquito (Lair:6)
  A water moccasin (Lair:6)
  A bullfrog (Lair:6)
4 creatures vanquished.

Vanquished Creatures (others)
  An anaconda (Snake:2)
  A mana viper (Snake:2)
  2 black mambas (Snake:2)
  A boggart (Vaults:1)
  3 bushes (Lair:6)
  A demonic plant (Gauntlet)
  6 fungi (Lair:6)
  28 plants
43 creatures vanquished.

Grand Total: 1358 creatures vanquished

Notes
Turn   | Place    | Note
-------+----------+-------------------------------------------
     0 | D:1      | GreaterElenko the Mummy Gladiator began the quest for the
                  | Orb.
     0 | D:1      | Reached XP level 1. HP: 16/16 MP: 1/1
   168 | D:1      | Reached XP level 2. HP: 14/22 MP: 2/2
   185 | D:1      | Reached skill level 3 in Axes
   516 | D:1      | Reached XP level 3. HP: 28/28 MP: 3/3
  1070 | D:2      | Noticed Terence
  1091 | D:1      | Killed Terence
  1227 | D:2      | Reached XP level 4. HP: 22/34 MP: 1/4
  1524 | D:2      | Reached skill level 4 in Axes
  1608 | D:2      | Noticed Sigmund
  1633 | D:2      | Killed Sigmund
  1633 | D:2      | Reached XP level 5. HP: 24/42 MP: 1/5
  1633 | D:2      | Reached XP level 6. HP: 28/48 MP: 2/6
  2052 | D:3      | Found an iron altar of Okawaru.
  2071 | D:3      | Became a worshipper of Warmaster Okawaru
  2265 | D:3      | Found a burning altar of Makhleb.
  2273 | D:3      | Reached skill level 5 in Axes
  2406 | D:3      | Noticed Robin
  2432 | D:3      | Killed Robin
  2871 | D:4      | Reached skill level 1 in Invocations
  3186 | D:4      | Found a burning altar of Makhleb.
  3190 | D:4      | Found a hide-covered altar of Uskayaw.
  3195 | D:4      | Found a glowing silver altar of Zin.
  3252 | D:4      | Reached XP level 7. HP: 41/55 MP: 6/8
  3949 | D:5      | Entered Level 5 of the Dungeon
  4055 | D:5      | Reached skill level 6 in Axes
  4062 | D:5      | Reached * piety under Okawaru
  4154 | D:5      | Reached skill level 5 in Fighting
  4226 | D:5      | Reached XP level 8. HP: 34/62 MP: 6/10
  4419 | D:5      | Got a steaming turquoise ring
  4421 | D:5      | Identified the ring "Zoyzeegg" {*Tele MP+9 Str+4} (You
                  | found it on level 5 of the Dungeon)
  4446 | D:5      | Found a staircase to the Ecumenical Temple.
  4464 | Temple   | Entered the Ecumenical Temple
  5219 | D:5      | Reached skill level 7 in Axes
  5472 | D:6      | Found Nyptaxul's Weapon Shoppe.
  5542 | D:6      | Found Cuttot's Assorted Antiques.
  5627 | D:6      | Noticed Eustachio
  5672 | D:6      | Killed Eustachio
  5785 | D:6      | Found Ryegoqes's Antique Weapon Shop.
  5790 | D:6      | Bought a blackened war axe for 212 gold pieces
  5790 | D:6      | Identified the +9 war axe of the Viper {speed, MR+ Int+2
                  | Dex-4} (You bought it in a shop on level 6 of the Dungeon)
  5839 | D:6      | Found a radiant altar of Vehumet.
  5889 | D:6      | Reached ** piety under Okawaru
  6072 | D:6      | Found Iluggawk's Antique Weapon Shop.
  6097 | D:6      | Found Ruunupp's Jewellery Shop.
  6244 | D:7      | Found Nigumaf's Food Boutique.
  6566 | D:7      | Reached XP level 9. HP: 71/71 MP: 11/11
  6588 | D:7      | Reached skill level 8 in Axes
  6591 | D:7      | Got a faintly glowing flail
  6685 | D:7      | Identified the +7 flail of Gathrow {drain, Dex+4} (You
                  | found it on level 7 of the Dungeon)
  7063 | D:7      | Noticed a cyclops
  7130 | D:7      | Killed a cyclops
  7130 | D:7      | Reached skill level 9 in Axes
  7309 | D:8      | Noticed a two-headed ogre
  7313 | D:8      | Found a staircase to the Lair.
  7320 | D:8      | Reached skill level 5 in Invocations
  7326 | D:8      | Reached *** piety under Okawaru
  7596 | D:8      | Reached XP level 10. HP: 61/80 MP: 8/13
  7597 | D:8      | Received a gift from Okawaru
  7623 | D:8      | Found a runed translucent door.
  7741 | D:8      | Found a runed translucent door.
  7899 | D:8      | Found a roughly hewn altar of Beogh.
  8135 | D:8      | Noticed Ijyb
  8142 | D:8      | Noticed Jessica
  8175 | D:9      | Noticed a two-headed ogre
  8198 | D:8      | Found a runed translucent door.
  8413 | D:8      | Found a runed translucent door.
  8441 | D:8      | Found a staircase to the Lair.
  8527 | D:8      | Found a roughly hewn altar of Beogh.
  8864 | D:9      | Found a basalt altar of Yredelemnul.
  9187 | D:9      | Found a transporter.
  9188 | D:9      | Found a transporter.
  9213 | D:9      | Reached skill level 10 in Axes
  9370 | Lair:1   | Entered Level 1 of the Lair of Beasts
  9370 | Lair:1   | Noticed a spiny frog
  9383 | Lair:1   | Killed a spiny frog
  9443 | Lair:1   | Reached **** piety under Okawaru
  9481 | Lair:1   | Noticed a spiny frog
  9487 | Lair:1   | Killed a spiny frog
  9494 | Lair:1   | Noticed an oklob plant
  9494 | Lair:1   | Noticed an oklob plant
  9712 | Lair:1   | Reached ***** piety under Okawaru
  9741 | Lair:1   | Noticed a spiny frog
  9752 | Lair:1   | Killed a spiny frog
  9752 | Lair:1   | Reached XP level 11. HP: 71/89 MP: 16/16
 10156 | Lair:1   | Reached skill level 11 in Axes
 10346 | Lair:2   | Noticed Fannar
 10353 | Lair:2   | Received a gift from Okawaru
 10384 | Lair:2   | Killed Fannar
 10405 | Lair:2   | Found a frozen archway.
 10414 | IceCv    | Entered an ice cave
 10798 | IceCv    | Received a gift from Okawaru
 10850 | IceCv    | Noticed a necromancer
 10858 | IceCv    | Killed a necromancer
 10931 | Lair:2   | Received a gift from Okawaru
 10934 | Lair:2   | Noticed a seven-headed hydra
 10950 | Lair:2   | Killed a seven-headed hydra
 10950 | Lair:2   | Reached skill level 10 in Fighting
 11062 | Lair:2   | Found a staircase to the Snake Pit.
 11287 | Lair:2   | Reached skill level 12 in Axes
 11377 | Lair:2   | Found a staircase to the Swamp.
 11547 | Lair:2   | Got a smoking quarterstaff
 11924 | Lair:3   | Reached XP level 12. HP: 94/98 MP: 18/18
 11925 | Lair:3   | Noticed a five-headed hydra
 11935 | Lair:3   | Killed a five-headed hydra
 12075 | Lair:3   | Reached skill level 1 in Evocations
 12855 | Lair:4   | Noticed a catoblepas
 12869 | Lair:4   | Killed a catoblepas
 13052 | Lair:4   | Noticed a death yak
 13058 | Lair:4   | Noticed a death yak
 13063 | Lair:4   | Noticed a death yak
 13085 | Lair:4   | Killed a death yak
 13095 | Lair:4   | Noticed a death yak
 13104 | Lair:4   | Noticed a death yak
 13105 | Lair:4   | Killed a death yak
 13115 | Lair:4   | Killed a death yak
 13115 | Lair:4   | Received a gift from Okawaru
 13123 | Lair:4   | Killed a death yak
 13126 | Lair:4   | Killed a death yak
 13251 | Lair:4   | Reached skill level 13 in Axes
 13317 | Lair:4   | Noticed Rupert
 13332 | Lair:4   | Killed Rupert
 13470 | Lair:4   | Gained mutation: You are in touch with the powers of death.
                  | [Mummy growth]
 13470 | Lair:4   | Reached XP level 13. HP: 101/106 MP: 20/20
 13703 | Lair:4   | Received a gift from Okawaru
 13912 | Lair:4   | Got a dazzling rapier
 14319 | Lair:5   | Found a viscous altar of Jiyva.
 14321 | Lair:5   | Found a staircase to the Slime Pits.
 15264 | Lair:5   | Noticed Sonja
 15268 | Lair:5   | Noticed Sonja
 15268 | Lair:5   | Sonja changed into Sonja the fire bat
 15277 | Lair:5   | Killed Sonja the fire bat
 15277 | Lair:5   | Received a gift from Okawaru
 15506 | Lair:6   | Entered Level 6 of the Lair of Beasts
 15506 | Lair:6   | Found a gate leading to a gauntlet.
 15549 | Lair:6   | Reached ****** piety under Okawaru
 15555 | Gauntlet | Entered a Gauntlet
 15555 | Gauntlet | Found a transporter.
 15555 | Gauntlet | Found a transporter.
 15564 | Gauntlet | Found a transporter.
 15567 | Gauntlet | Found a transporter.
 15575 | Gauntlet | Found a transporter.
 15579 | Gauntlet | Found a transporter.
 15587 | Gauntlet | Found a transporter.
 15603 | Gauntlet | Found a transporter.
 15617 | Gauntlet | Found a transporter.
 15621 | Gauntlet | Found a transporter.
 15630 | Gauntlet | Found a transporter.
 15633 | Gauntlet | Found a transporter.
 15684 | Gauntlet | Reached skill level 5 in Evocations
 15691 | Gauntlet | Reached skill level 10 in Invocations
 15916 | Gauntlet | Got a shimmering brass ring
 15919 | Gauntlet | Identified the ring "Ziorila" {*Drain rPois rC+ Int+4
                  | Stlth+} (You found it in a Gauntlet)
 15937 | Gauntlet | Noticed a minotaur
 15956 | Gauntlet | Killed a minotaur
 15961 | Gauntlet | Identified Xuun's Collected Works on the Entourage
 16351 | Lair:6   | Reached skill level 14 in Axes
 16386 | Lair:6   | Received a gift from Okawaru
 16689 | Lair:6   | Reached XP level 14. HP: 97/115 MP: 21/21
 16918 | Lair:6   | Reached skill level 1 in Armour
 17403 | Lair:6   | Identified the cursed +1 quarterstaff of the Tooth {drain,
                  | Str+3} (You found it on level 2 of the Lair of Beasts)
 17501 | Lair:6   | Received a gift from Okawaru
 17522 | Lair:6   | Got a crude hand axe
 18062 | D:8      | Received a gift from Okawaru
 18065 | D:8      | Got a colourful robe {god gift}
 18244 | D:8      | Killed Ijyb
 18272 | D:8      | Killed Jessica
 18294 | D:8      | Found a runed translucent door.
 18417 | D:9      | Found a transporter.
 18580 | D:9      | Found a transporter.
 18596 | D:9      | Found a transporter.
 18611 | D:9      | Reached skill level 15 in Axes
 18742 | D:9      | Identified the +1 hand axe "Anluderu" {venom, +Blink} (You
                  | found it on level 6 of the Lair of Beasts)
 18844 | D:10     | Entered Level 10 of the Dungeon
 19008 | D:10     | Identified the +6 rapier of the Unliving {drain, Fragile
                  | rC+ Str+10 Int+4} (You found it on level 4 of the Lair of
                  | Beasts)
 19422 | D:10     | Found a basalt altar of Yredelemnul.
 19587 | D:10     | Found a staircase to the Orcish Mines.
 19762 | D:11     | You fall through a shaft!
 19850 | D:12     | Found Joym's Changing Room.
 20377 | D:11     | Reached XP level 15. HP: 123/123 MP: 22/22
 21037 | D:13     | Noticed Snorg
 21050 | D:13     | Killed Snorg
 21191 | D:13     | Found a shattered altar of Ashenzari.
 21447 | D:13     | Found a gate to the Vaults.
 21550 | D:13     | Received a gift from Okawaru
 21586 | D:13     | Noticed Frances
 21599 | D:13     | Killed Frances
 21599 | D:13     | Reached skill level 1 in Shields
 22142 | D:14     | Reached skill level 5 in Armour
 22214 | D:14     | Received a gift from Okawaru
 22727 | Orc:1    | Entered Level 1 of the Orcish Mines
 22727 | Orc:1    | Noticed Urug
 22728 | Orc:1    | Noticed Erica
 22751 | Orc:1    | Killed Urug
 22751 | Orc:1    | Killed Erica
 22981 | Orc:2    | Entered Level 2 of the Orcish Mines
 23396 | Orc:2    | Reached skill level 16 in Axes
 23403 | Orc:2    | Reached XP level 16. HP: 107/132 MP: 21/23
 23435 | Orc:2    | Reached skill level 5 in Shields
 23579 | Orc:2    | Found Jerat's Gadget Shop.
 23579 | Orc:2    | Found Abbuzog's Gadget Shoppe.
 23579 | Orc:2    | Found Ocrom's Distillery.
 23579 | Orc:2    | Found Dotuseme's Jewellery Shop.
 23896 | Orc:2    | Found a staircase to the Elven Halls.
 24007 | Orc:2    | Bought a wand of acid (8) for 312 gold pieces
 24010 | Orc:2    | Bought a phial of floods for 560 gold pieces
 24010 | Orc:2    | Bought a lamp of fire for 560 gold pieces
 24011 | Orc:2    | Bought a wand of acid (8) for 312 gold pieces
 24273 | Orc:1    | Found Estrevom's Jewellery Emporium.
 24414 | Orc:2    | Received a gift from Okawaru
 24500 | Orc:1    | Found a roughly hewn altar of Beogh.
 24842 | D:6      | Bought an uncursed ring of protection from fire for 300
                  | gold pieces
 24972 | Swamp:1  | Entered Level 1 of the Swamp
 25261 | Swamp:1  | You fall through a shaft!
 26639 | Swamp:2  | Found a stormy altar of Qazlal.
 26749 | Swamp:2  | Received a gift from Okawaru
 27625 | Swamp:3  | Found a runed translucent door.
 27626 | Swamp:3  | Found a shimmering altar of Xom.
 27626 | Swamp:3  | Noticed contendunt's ghost (adept MiFi)
 28255 | Swamp:4  | Entered Level 4 of the Swamp
 28310 | Swamp:4  | Found a transporter.
 28512 | Swamp:4  | Received a gift from Okawaru
 28515 | Swamp:4  | Got a pair of smoking gloves {god gift}
 28526 | Swamp:4  | Identified the +1 pair of gloves of Ikorhakk {rC+ Regen+
                  | rCorr} (Okawaru gifted it to you on level 4 of the Swamp)
 28911 | Swamp:4  | Noticed Donald
 28943 | Swamp:4  | Killed Donald
 28943 | Swamp:4  | Reached XP level 17. HP: 58/140 MP: 18/24
 29068 | Swamp:4  | Identified the +7 quick blade of Fucs {antimagic, rN+ Str+4
                  | Int-2}
 29070 | Swamp:4  | Noticed SnubMonkey's ghost (adept HOFi)
 29073 | Swamp:4  | Identified the +10 rapier "Deong" {pierce, rF+ rC+}
 29107 | Swamp:4  | Found a bloodstained altar of Trog.
 29130 | Swamp:4  | Found a transporter.
 29548 | Snake:1  | Entered Level 1 of the Snake Pit
 30796 | Snake:2  | Found a flickering gateway to a bazaar.
 30809 | Bazaar   | Entered a bazaar
 30809 | Bazaar   | Found Melonot's Distillery.
 30809 | Bazaar   | Found Acuhell's Distillery.
 30811 | Bazaar   | Found Kogaaf's Weapon Emporium.
 30837 | Bazaar   | Found Xoamitate's Book Shoppe.
 31081 | Snake:2  | Received a gift from Okawaru
 31116 | Snake:2  | Noticed Saint Roka
 31165 | Snake:2  | Killed Saint Roka
 31184 | Snake:2  | Reached skill level 17 in Axes
 31384 | Snake:2  | Noticed Louise
 31419 | Snake:2  | Killed Louise
 31692 | Snake:2  | Reached skill level 15 in Fighting
 33036 | Snake:3  | Received a gift from Okawaru
 33040 | Snake:3  | Reached skill level 10 in Shields
 33067 | Snake:3  | Reached XP level 18. HP: 41/149 MP: 2/25
 33647 | Snake:4  | Entered Level 4 of the Snake Pit
 34752 | Swamp:4  | Noticed a bone dragon
 34763 | Swamp:4  | Received a gift from Okawaru
 34791 | Swamp:4  | Killed a bone dragon
 34798 | Swamp:4  | Got an ancient hand axe {god gift}
 34799 | Swamp:4  | Identified the +8 hand axe of Pesapt {chop, *Contam Str+7}
                  | (Okawaru gifted it to you on level 4 of the Swamp)
 34894 | Swamp:4  | Got a decaying rune of Zot
 35228 | Vaults:1 | Entered Level 1 of the Vaults
 35758 | Vaults:1 | Reached skill level 18 in Axes
 36248 | Vaults:1 | Received a gift from Okawaru
 36267 | Vaults:1 | Identified a +0 pair of boots of running (Okawaru gifted it
                  | to you on level 1 of the Vaults)
 36910 | Vaults:2 | Hit by a large rock thrown by a stone giant

Skill      XL: |  1  2  3  4  5  6  7  8  9 10 11 12 13 14 15 16 17 18 |
---------------+-------------------------------------------------------+-----
Axes           | 3 4 5 6 7 9 10 12 13 14 15 16 17 18 | 18.0
Fighting       | 3 4 5 6 7 9 10 11 12 13 14 15 | 15.9
Invocations    | 1 2 3 5 6 8 9 10 | 10.0
Evocations     | 3 5 7 8 |  8.0
Armour         | 4 5 7 8 |  8.0
Shields        | 4 7 10 11 | 11.8
Throwing       | |  1.5
Dodging        | |  2.4

Action                   |  1- 3 |  4- 6 |  7- 9 | 10-12 | 13-15 | 16-18 || total
-------------------------+-------+-------+-------+-------+-------+-------++-------
Melee: War axe           |   104 |    74 |   238 |   600 |  1541 |  2156 ||  4713
       Flail             |    13 |   157 |   127 |    13 |    32 |    41 ||   383
       Punch             |       |       |     1 |     4 |    13 |       ||    18
Invok: Heroism           |       |       |     7 |     8 |    25 |    34 ||    74
       Finesse           |       |       |       |     3 |     7 |     4 ||    14
Evoke: Wand              |       |       |       |     1 |     4 |     6 ||    11
  Use: Scroll            |       |       |     7 |    13 |    11 |    17 ||    48
 Stab: Distracted        |       |       |       |       |     1 |       ||     1
Armor: Ring mail         |    40 |       |       |       |       |       ||    40
       Chain mail        |     8 |   189 |   208 |   198 |       |       ||   603
       Scale mail        |       |       |       |       |    61 |       ||    61
       Plate armour      |       |       |       |       |   582 |   691 ||  1273
Dodge: Dodged            |   109 |   124 |   198 |   146 |   414 |   388 ||  1379
Block: Buckler           |       |       |       |       |    41 |   218 ||   259
       Shield            |       |       |       |       |       |   393 ||   393
